 Dungeon Crawl Stone Soup version 0.31.0-32-g396128a36d (webtiles) character file.

Game seed: 14307316740916452150

293 peterpiraat the Digger (level 6, -2/47 HPs)
             Began as a Formicid Earth Elementalist on Apr 2, 2024.
             Slain by a scorpion (5 damage)
             ... on level 3 of the Dungeon.
             The game lasted 00:05:14 (3417 turns).

peterpiraat the Digger (FoEE)                       Turns: 3417, Time: 00:05:14

Health: -2/47      AC:  3    Str: 13    XL:     6   Next: 60%
Magic:  0/9        EV: 12    Int: 16    God:
Gold:   176        SH:  0    Dex: 14    Spells: 2/9 levels left

rFire   . . .        f - +1 short sword (elec)
rCold   . . .        (no shield)
rNeg    . . .        a - +0 robe
rPois   .            (helmet unavailable)
rElec   .            (no cloak)
rCorr   .            g - +0 pair of gloves
SInv    +            (no boots)
Will    +....        (no amulet)
Stlth   ++           k - ring of willpower
HPRegen 0.27/turn    (no ring)
MPRegen 0.11/turn

%: no passive effects
@: lethally poisoned (-2 -> -16)
A: permanent stasis, dig shafts and tunnels, antennae 3, four strong arms
a: Dig, Shaft Self


You were on level 3 of the Dungeon.
You visited 1 branch of the dungeon, and saw 4 of its levels.

You collected 176 gold pieces.

Inventory:

Hand Weapons
 f - a +1 short sword of electrocution (weapon)
Armour
 a - a +0 robe (worn)
 g - a +0 pair of gloves (worn)
Jewellery
 k - a ring of willpower (left hand)
Scrolls
 c - a scroll of noise {unknown}
 d - 2 scrolls of identify {unknown}
 e - a scroll of fog {unknown}
 h - 3 scrolls of amnesia {unknown}
 i - a scroll of enchant weapon {unknown}
 j - 2 scrolls of enchant armour {unknown}
 l - a scroll of immolation {unknown}
 o - a scroll of teleportation {unknown}
Potions
 b - a potion of magic
 n - a potion of cancellation {unknown}
 p - a potion of invisibility {unknown}


   Skills:
 - Level 3.0 Fighting
 - Level 1.7 Dodging
 - Level 2.4 Stealth
 - Level 2.1 Spellcasting
 + Level 2.1 Conjurations
 * Level 6.9 Earth Magic


You had 2 spell levels left.
You knew the following spells:

 Your Spells              Type           Power      Damage    Failure   Level
a - Sandblast             Erth           48%        2d12      1%          1
b - Stone Arrow           Conj/Erth      32%        3d9       10%         3
c - Passwall              Erth           24%        N/A       3%          3

Your spell library contained the following spells:

 Spells                   Type           Power      Damage    Failure   Level
 Brom's Barrelling Bould  Conj/Erth      16%        2d4       30%         4
 Petrify                  Alch/Erth      12%        N/A       43%         4


Dungeon Overview and Level Annotations

Branches:
Dungeon (4/15)
 Temple: D:4-7

Altars:


Innate Abilities, Weirdness & Mutations

You cannot be hasted, slowed, berserked, paralysed or teleported.
You can dig through walls and to a lower floor.
You have a pair of large antennae on your head. (SInv)
Your four strong arms can wield two-handed weapons with a shield.


Message History

There is a stone staircase leading up, spattered with blood here.
You feel very sick. The scorpion misses you.
You climb upwards.
You feel very sick.
There is a stone staircase leading down here.
Casting: Sandblast (safe; 1% risk of failure)
Confirm with . or Enter, or press ? or * to list all spells.
Aiming: Sandblast (safe; 1% risk of failure)
Press: ? - help, Shift-Dir - straight line, f - scorpion
Aim: a scorpion (severely wounded, 83% to hit)
The blast of sand hits the scorpion but does no damage.
The scorpion is severely wounded.
You feel sick.
The scorpion stings you but does no damage.
The scorpion stings you!
You are more poisoned.
The scorpion poisons you!
Casting: Sandblast (safe; 1% risk of failure)
Confirm with . or Enter, or press ? or * to list all spells.
You don't have enough magic to cast this spell.
You hit the scorpion but do no damage.
The scorpion is heavily wounded.
You feel very sick. The scorpion stings you.
You hit the scorpion.
The scorpion is severely wounded.
* * * LOW HITPOINT WARNING * * *
You feel very sick. The scorpion stings you.
* * * LOW HITPOINT WARNING * * *
You are more poisoned.
The scorpion poisons you!
Okay, then.
It was a potion of haste.
Your stasis prevents you from being hasted.
* * * LOW HITPOINT WARNING * * *
You feel very sick. The scorpion stings you.
You die...

#...........#....................
#...........#.........###########
#############....................
......# ##....%..############
......# #.......# ......#
#.......# ##### ......# #.......#
##...# ......# #.>.....# #.....
......# #..@s...# #..... ......#
#.......##### #..... ......#
#...........# #..... ......###
#.......###.# #.....
........######.......# #.# #.....
).>............#.##### #.# #.....
#####.#.######.#.# #.# #....<
#.#.##.....#.# #.# #.....
##.#.##.###.#.# #.# ###.##


You could see a scorpion.

Vanquished Creatures
  An orc priest (D:3)
  A bombardier beetle (D:3)
  A sleepcap (D:4)
  3 orc wizards
  3 gnolls (D:4)
  3 adders
  A dart slug (D:1)
  A ribbon worm (D:2)
  11 orcs
  7 endoplasms
  3 giant cockroaches
  5 goblins
  3 hobgoblins
  3 quokkas
  5 ball pythons
  2 bats
  5 frilled lizards
  5 kobolds
  6 rats
69 creatures vanquished.

Notes
Turn   | Place    | Note
-------+----------+-------------------------------------------
     0 | D:1      | peterpiraat the Formicid Earth Elementalist began the quest
                  | for the Orb.
     0 | D:1      | Reached XP level 1. HP: 13/13 MP: 3/3
   194 | D:1      | Reached skill level 4 in Earth Magic
   521 | D:1      | Reached XP level 2. HP: 16/20 MP: 0/5
   701 | D:1      | Reached skill level 1 in Fighting
  1188 | D:2      | Reached XP level 3. HP: 26/26 MP: 2/6
  1331 | D:2      | Learned a level 3 spell: Stone Arrow
  1699 | D:2      | Reached skill level 5 in Earth Magic
  1747 | D:2      | Reached XP level 4. HP: 33/33 MP: 5/7
  1801 | D:2      | Found a faded altar of an unknown god.
  2515 | D:3      | Reached XP level 5. HP: 39/39 MP: 5/8
  2639 | D:3      | Learned a level 3 spell: Passwall
  2659 | D:3      | Reached skill level 1 in Conjurations
  2666 | D:3      | Reached skill level 6 in Earth Magic
  2790 | D:3      | Reached XP level 6. HP: 47/47 MP: 6/9
  3417 | D:3      | Slain by a scorpion

Illustrated notes

Levels and vault maps discovered:
D:1:      psy_arrival_whirlpool, layout_basic, chequers_serial_rivers_room_b
D:2:      layout_rooms, shapermc_ecumenical_altar_acropolis
D:3:      layout_basic, minmay_misc_feat_diagonals
D:4:      minmay_clustersquares, layout_basic, tso_oasis_becter,
          portal_sewer_entry_a, minmay_manual_macuahuitl

Skill      XL: |  1  2  3  4  5  6 |
---------------+-------------------+-----
Earth Magic    | 4 5 6 |  6.9
Fighting       | 1 2 3 |  3.0
Conjurations   | 1 2 |  2.1
Dodging        | |  1.7
Stealth        | |  2.4
Spellcasting   | |  2.1

Action                     |  1- 3 |  4- 6 || total
---------------------------+-------+-------++-------
  Melee: Unarmed           |     1 |       ||     1
         Short sword       |     6 |     7 ||    13
   Cast: Sandblast         |    49 |    71 ||   120
    Use: Potion            |       |     1 ||     1
 Armour: Robe              |    11 |    26 ||    37
  Dodge: Dodged            |    17 |    23 ||    40
